 Dungeon Crawl Stone Soup version 0.23-a0-641-g0a7f1ce553 (webtiles) character file.

58 HereIgoKillingAgain the Chopper (level 3, -3/33 HPs)
             Began as a Deep Dwarf Fighter on Dec 30, 2018.
             Slain by a gnoll
             ... wielding a +0 flail
              (6 damage)
             ... on level 2 of the Dungeon.
             The game lasted 00:01:09 (1301 turns).

HereIgoKillingAgain the Chopper (DDFi)              Turns: 1301, Time: 00:01:10

Health: -3/33      AC:  6    Str: 20    XL:     3   Next: 75%
Magic:  2/2        EV:  9    Int:  8    God:
Gold:   137        SH:  0    Dex: 12    Spells: 2/2 levels left

rFire    . . .     SeeInvis .   a - +0 war axe
rCold    . . .     Gourm    .   (no shield)
rNeg     . . .     Faith    +   b - +0 scale mail
rPois    .         Spirit   .   (no helmet)
rElec    .         Reflect  .   (no cloak)
rCorr    .         Harm     .   (no gloves)
MR       .....                  (no boots)
Stlth    ..........             j - amulet of faith
HPRegen  0.00/turn              (no ring)
MPRegen  0.08/turn              (no ring)

@: non-regenerating
A: damage resistance, heal wounds, sense surroundings 1, no regeneration
a: Heal Wounds


You were on level 2 of the Dungeon.
You were not hungry.

You visited 1 branch of the dungeon, and saw 2 of its levels.

You collected 137 gold pieces.

Inventory:

Hand Weapons
 a - a +0 war axe (weapon)
Missiles
 e - 5 poisoned javelins (quivered)
Armour
 b - a +0 scale mail (worn)
Jewellery
 j - an amulet of faith (around neck)
Scrolls
 g - 2 scrolls of teleportation {unknown}
 h - a scroll of fear
 k - 2 scrolls of remove curse
Potions
 d - a potion of might
 i - a potion of mutation
 l - a potion of haste
Comestibles
 f - 6 rations


   Skills:
 - Level 2.6 Fighting
 + Level 4.6 Axes
 - Level 3.2 Armour
   Level 3.2 Shields


You had 2 spell levels left.
You didn't know any spells.
Your spell library was empty.

Dungeon Overview and Level Annotations

Branches:
Dungeon (2/15)

Altars:


Innate Abilities, Weirdness & Mutations

You are resistant to damage.
You can heal yourself by infusing magical energy.
You passively map a small area around you.
You do not regenerate.


Message History

The gnoll is almost dead.
The gnoll barely misses you.
A gnoll comes into view. It is wielding a +0 halberd.
There are monsters nearby!
You slash the gnoll!
You kill the gnoll!
The gnoll closely misses you.
You barely miss the gnoll. The gnoll hits you but does no damage.
You hit the gnoll.
The gnoll is moderately wounded.
The gnoll hits you with a +0 flail! The gnoll barely misses you.
You closely miss the gnoll. You hit the gnoll.
The gnoll hits you with a +0 flail! The gnoll hits you with a +0 halberd.
* * * LOW HITPOINT WARNING * * *
The gnoll hits you with a +0 flail!
* * * LOW HITPOINT WARNING * * *
You closely miss the gnoll. You hit the gnoll.
The gnoll hits you with a +0 halberd. The gnoll hits you with a +0 flail!
You die...

#.# , #.# #########
#.#, *
#.......#######.####.#
, , *
#....)..........#.....
,
#......<##>.......###
,
##########.†..........
* , #.g.w....#### , ,
.###g@......###### ,
,.........)..........
, #
###########.#######.
.. , * #.........#.
*## , #.#.......#. ,
#.#########. ,
#...........#### *
#......#####.... , ,*
##..÷.....†.....


You could see a worm and 2 gnolls.

Vanquished Creatures
  2 gnolls (D:2)
  3 worms (D:2)
  2 dart slugs
  8 bats
  5 hobgoblins
  2 kobolds
  A frilled lizard (D:2)
  A rat (D:1)
24 creatures vanquished.

Notes
Turn   | Place    | Note
-------+----------+-------------------------------------------
     0 | D:1      | HereIgoKillingAgain the Deep Dwarf Fighter began the quest
                  | for the Orb.
     0 | D:1      | Reached XP level 1. HP: 20/20 MP: 1/1
   233 | D:1      | Reached skill level 3 in Axes
   233 | D:1      | Reached XP level 2. HP: 17/27 MP: 2/2
  1206 | D:2      | Reached skill level 4 in Axes
  1206 | D:2      | Reached XP level 3. HP: 32/33 MP: 2/2
  1301 | D:2      | Slain by a gnoll

Vault maps used:
D:1:      grunt_arrival_lava_bath, serial_glass, glass_columns_b,
          glass_columns_a
D:2:      first_ration, chequers_serial_rivers_large_a, uniq_terence

Skill      XL: |  1  2 |
---------------+-------+-----
Axes           | 3 4 |  4.6
Fighting       | |  2.6
Armour         | |  3.2
Shields        | |  3.2

Action                   || total
-------------------------++-------
Melee: War axe           ||   105
 Abil: Heal Wounds       ||     2
  Use: Scroll            ||     4
  Eat: Chunk             ||     1
Armor: Scale mail        ||    54
Dodge: Dodged            ||    68

Table legend:
 A = Non-vault XP
 B = Vault XP
 C = Vault XP percentage of total XP
 D = Non-vault monster count
 E = Vault monster count
 F = Vault count percentage of total count
                 A         B        C        D         E       F
            +---------+---------+-------+---------+---------+-------
      Total |      83 |       0 |   0.0 |      24 |       0 |   0.0
            +---------+---------+-------+---------+---------+-------
        D:1 |      21 |       0 |   0.0 |      11 |       0 |   0.0
        D:2 |      62 |       0 |   0.0 |      13 |       0 |   0.0
            +---------+---------+-------+---------+---------+-------
